 Dungeon Crawl Stone Soup version 0.13-a0-2979-gb6a86b3 (webtiles) character file.

516 JacquesDerrida the Shooter (level 6, 0/48 HPs)
             Began as a Demigod Hunter on Sept 7, 2013.
             Slain by Pikel
             ... wielding a +0,+0 whip of electrocution
              (15 damage)
             ... on Level 4 of the Dungeon.
             The game lasted 00:08:29 (4150 turns).

JacquesDerrida the Shooter (Demigod Hunter)         Turns: 4150, Time: 00:08:29

HP   0/48        AC 15     Str 16      XL: 6   Next: 15%
MP  10/10        EV  6     Int 16      God:
Gold 156         SH  0     Dex 17      Spells:  0 memorised,  5 levels left

Res.Fire  : . . .   See Invis. : .   b - +1 bow
Res.Cold  : . . .   Warding    : .   x - +5 chain mail of the Worm {+Blink +Inv rN+ Life Prot.: + . . Conserve : . (no shield)
Res.Poison: .       Res.Corr.  : .   m - +0 cap
Res.Elec. : .       Clarity    : .   (no cloak)
Sust.Abil.: . .     Spirit.Shd : .   (no gloves)
Res.Mut.  : .       Stasis     : .   (no boots)
Res.Rott. : .       Flight     : .   (no amulet)
Saprovore : . . .                    (no ring)
                                     v - +2 ring of protection

@: slightly resistant to hostile enchantments, extremely unstealthy
A: antennae 1, evolution 1
a: Evoke Blink, Evoke Invisibility


You were on level 4 of the Dungeon.
You were not hungry.

You visited 1 branch of the dungeon, and saw 4 of its levels.

You collected 136 gold pieces.

Inventory:

Hand weapons
 a - a +0,+2 orcish dagger of protection
 b - a +1,+1 bow (weapon)
 u - a +0,+1 mace of protection
Missiles
 c - an arrow (quivered)
Armour
 d - a +0 leather armour
 m - a +0 cap (worn)
 x - the +5 chain mail of the Worm (worn) {+Blink +Inv rN+ Dex-2}
   (You found it on level 4 of the Dungeon)

   It affects your dexterity (-2).
   It protects you from negative energy.
   It lets you turn invisible.
   It lets you blink.
Comestibles
 f - 5 bread rations
 h - 2 chunks of worker ant flesh
 n - a choko
Scrolls
 e - a scroll of enchant armour {unknown}
 i - 3 scrolls of identify
 k - a scroll of magic mapping {unknown}
 l - a scroll of random uselessness {unknown}
 o - a scroll of recharging {unknown}
 p - a scroll of enchant weapon II
 s - a scroll of noise
 t - a scroll of curse jewellery {unknown}
 w - 2 scrolls of fear {unknown}
Jewellery
 v - a +2 ring of protection (left hand)
Potions
 g - a potion of speed


   Skills:
 - Level 0.8 Fighting
 + Level 7.1 Bows
 - Level 1.7 Dodging
 - Level 0.8 Stealth


You had 5 spell levels left.
You didn't know any spells.

Dungeon Overview and Level Annotations

Branches:
Dungeon (4/27)
 Temple: D:4-7

Shops:
D:2 *

Portals:
Ziggurat: D:3 (3840 gp)

Annotations:
D:4 Pikel


Innate Abilities, Weirdness & Mutations

You have a pair of small antennae on your head.
You evolve.


Message History

Aim: Pikel, wielding a runed whip and wearing a robe (severely wounded)
You shoot an arrow. The arrow misses Pikel.
The arrow hits the slave.
The slave is lightly wounded.
Pikel hits you but does no damage.
You are electrocuted!
Firing (i - inventory. (,) - cycle):
c - 3 arrows (quivered)
Press: ? - help, Shift-Dir - straight line, f/p - Pikel
Aim: Pikel, wielding a whip of electrocution and wearing a robe (heavily wounded)
You shoot an arrow. The arrow hits Pikel.
Pikel is severely wounded.
Pikel hits you but does no damage.
You are electrocuted!
* * * LOW HITPOINT WARNING * * *
Drink which item? (? for menu, Esc to quit)
You feel better. Pikel hits you but does no damage.
Firing (i - inventory. (,) - cycle):
c - 2 arrows (quivered)
Press: ? - help, Shift-Dir - straight line, f/p - Pikel
Aim: Pikel, wielding a whip of electrocution and wearing a robe (severely wounded)
You shoot an arrow. The arrow misses Pikel.
The arrow hits the slave.
The slave is lightly wounded.
Pikel hits you but does no damage.
You are electrocuted!
You die...

#.#
#.#
#.#
#.#
#.#
#.#
#.#
#.#
#@#
#K#
#@#
#@#
#@#
#.#
#.#
#(#
#(#


You could see Pikel and 3 slaves.

Vanquished Creatures
  A slave (D:3)
  A giant frog skeleton (D:4)
  An iguana (D:3)
  An orc priest (D:3)
  2 orc wizards (D:3)
  A scorpion (D:4)
  A worker ant (D:4)
  11 adders
  A worm (D:3)
  A giant gecko (D:2)
  4 orcs (D:3)
  5 giant cockroaches
  8 hobgoblins
  11 kobolds
  A quokka (D:2)
  4 bats
  7 giant newts
  7 goblins
  7 rats
75 creatures vanquished.

Notes
Turn   | Place    | Note
--------------------------------------------------------------
     0 | D:1      | JacquesDerrida, the Demigod Hunter, began the quest for the Orb.
     0 | D:1      | Reached XP level 1. HP: 17/17 MP: 2/2
   208 | D:1      | Reached skill level 4 in Bows
   639 | D:1      | Reached XP level 2. HP: 7/24 MP: 3/3
  1709 | D:2      | Found a bloodstained altar of Trog.
  1878 | D:2      | Reached XP level 3. HP: 26/29 MP: 5/5
  2038 | D:2      | Reached skill level 5 in Bows
  2414 | D:2      | Reached XP level 4. HP: 36/36 MP: 7/7
  2467 | D:2      | Found Zin's Purification Station.
  2468 | D:2      | Found a glowing silver altar of Zin.
  2684 | D:3      | Found a gateway to a ziggurat.
  2821 | D:3      | Reached skill level 6 in Bows
  2821 | D:3      | Reached XP level 5. HP: 31/41 MP: 8/8
  3561 | D:4      | Noticed a slave
  3585 | D:4      | Got a twisted chain mail
  3602 | D:4      | Noticed Pikel
  3616 | D:3      | Identified the +5 chain mail of the Worm {+Blink +Inv rN+ Dex-2} (You found it on level 4 of the Dungeon)
  3823 | D:4      | Noticed a slave
  3823 | D:4      | Noticed a slave
  3825 | D:4      | Noticed a slave
  3837 | D:3      | Killed a slave
  3854 | D:3      | Gained mutation: You have a pair of small antennae on your head. [potion of mutation]
  3854 | D:3      | Gained mutation: You evolve. [potion of mutation]
  3908 | D:4      | Reached XP level 6. HP: 38/48 MP: 10/10
  3967 | D:4      | Reached skill level 7 in Bows
  4150 | D:4      | Slain by Pikel

Action                   |  1- 3 |  4- 6 || total
-------------------------+-------+-------++-------
Melee: Short sword       |   168 |    22 ||   190
       Dagger            |       |    64 ||    64
       Mace              |       |    80 ||    80
 Fire: Bow               |    26 |    45 ||    71
  Use: Potion            |       |     6 ||     6
       Scroll            |       |     2 ||     2
